AoeStats
← THL

Arabia

508350745Analyzed
1v1 RM · 10d ago on Sep 22, 2026· 60m 56s· 2 players
Game mode
Random Map
Map size
Tiny (2 player)
Population
200
Speed
Normal
Resources
Standard
Victory
Conquest
Starting age
Dark Age
Ending age
Imperial Age
RankedLock teamsTeams togetherTeam positionsShared explorationLock speedFull tech treeHidden civsTurbo modeCheats
Victory
Defeat
🇻🇳 Magyars · Vietnam
1727
+17
🇨🇴 Maya · Colombia
1754
-17
THL
6:25 Loom
8:50 Feudal Age
10:00 Double-Bit Axe
16:01 Fletching
17:17 Padded Archer Armor
21:06 Bloodlines
21:12 Scale Barding Armor
26:19 Castle Age
26:22 Elite Skirmisher
26:58 Bodkin Arrow
28:18 Bow Saw
29:25 Chain Barding Armor
29:46 Husbandry
32:01 Ballistics
35:15 Wheelbarrow
39:08 Stone Mining
39:09 Gold Mining
43:49 Imperial Age
43:01 Leather Archer Armor
43:24 Thumb Ring
44:32 Bracer
45:58 Chemistry
45:22 Horse Collar
46:55 Ring Archer Armor
46:13 Light Cavalry
48:31 Plate Barding Armor
48:04 Heavy Plow
48:44 Hand Cart
48:50 Hussar
50:56 Two-Man Saw
51:02 Conscription
51:00 Cavalier
51:41 Town Watch
58:57 Crop Rotation
Jacko
0:29 Loom
8:52 Feudal Age
9:26 Double-Bit Axe
13:23 Horse Collar
14:37 Wheelbarrow
14:03 Fletching
22:57 Castle Age
22:54 Gold Mining
23:22 Scale Mail Armor
23:34 Bodkin Arrow
23:00 Crossbowman
23:52 Bow Saw
26:18 Ballistics
28:50 Padded Archer Armor
29:25 Treadmill Crane
38:26 Imperial Age
39:07 Bracer
38:33 Arbalester
42:57 Leather Archer Armor
43:59 Chemistry
45:16 Leather Archer Armor
47:18 Chain Mail Armor
47:51 Squires
49:05 Plate Mail Armor
48:57 Forging
48:46 Eagle Warrior
51:31 Hand Cart
51:01 Town Watch
51:25 Elite Eagle Warrior
54:12 Iron Casting
54:08 Ring Archer Armor
61:11 Blast Furnace
Connection lost

Rejoining the realm…

Still unreachable

The connection could not be restored.

Session expired

The server has moved on; the page needs a fresh start.